AoeStats
← Rob

Nomad

503404595Analyzed
1v1 RM · 1mo ago on Aug 31, 2026· 58m 20s· 2 players
Game mode
Random Map
Map size
126×126
Population
200
Speed
Normal
Resources
Standard
Victory
Conquest
Starting age
Dark Age
Ending age
Imperial Age
RankedLock teamsTeams togetherTeam positionsShared explorationLock speedFull tech treeHidden civsTurbo modeCheats
Victory
Defeat
🇺🇸 Spanish · United States
476
+14
🇺🇸 Vietnamese · United States
440
-14
Robo Doh
15:09 Feudal Age
16:04 Loom
16:57 Horse Collar
19:28 Scale Mail Armor
20:09 Gold Mining
20:34 Forging
24:17 Castle Age
24:09 Fletching
24:17 Stone Mining
25:09 Bodkin Arrow
24:38 Elite Skirmisher
26:59 Double-Bit Axe
29:07 Thumb Ring
30:50 Stone Shaft Mining
32:36 Iron Casting
32:02 Padded Archer Armor
35:35 Husbandry
35:49 Bloodlines
44:39 Bow Saw
48:11 Wheelbarrow
53:41 Imperial Age
54:04 Pikeman
55:42 Paper Money
56:43 Heavy Plow
Rob
9:10 Loom
11:57 Feudal Age
14:54 Fishing Lines
16:39 Double-Bit Axe
17:39 Wheelbarrow
18:50 Town Watch
19:46 Horse Collar
24:17 Castle Age
24:15 Gold Mining
24:41 Scale Barding Armor
25:44 Bloodlines
25:35 Husbandry
25:58 Chain Barding Armor
25:31 Fletching
25:40 Gillnets
27:01 Fervor
27:12 Sanctity
27:11 Forging
26:29 Light Cavalry
28:12 Medium Warships
33:21 Redemption
35:37 Thumb Ring
36:21 Bodkin Arrow
39:25 Imperial Age
38:23 Atonement
38:27 Devotion
43:13 Chemistry
41:43 Hussar
44:54 Iron Casting
45:15 Plate Barding Armor
44:54 Heavy Plow
45:52 Conscription
47:00 Blast Furnace
47:43 Supremacy
47:47 Bracer
47:12 Elite Cannon Galleon
48:27 Elite Skirmisher
52:41 Clinker Construction
52:42 Careening
52:57 Bombard Tower
53:00 Padded Archer Armor
Connection lost

Rejoining the realm…

Still unreachable

The connection could not be restored.

Session expired

The server has moved on; the page needs a fresh start.